 Dungeon Crawl Stone Soup version 0.27.1-33-g824d729ab1 (webtiles) character file.

Game seed: 7459630783813103626

9 pkoi the Magician (level 2, -2/20 HPs)
             Began as a Draconian Hedge Wizard on Nov 30, 2021.
             Slain by a kobold (3 damage)
             ... on level 1 of the Dungeon.
             The game lasted 00:00:28 (155 turns).

pkoi the Magician (Draconian Hedge Wizard)           Turns: 155, Time: 00:00:29

Health: -2/20      AC:  4    Str: 12    XL:     2   Next: 3%
Magic:  0/6        EV: 12    Int: 14    God:
Gold:   0          SH:  0    Dex: 10    Spells: 6/7 levels left

rFire    . . .     SeeInvis .   a - +0 dagger
rCold    . . .     Faith    .   (no shield)
rNeg     . . .     Spirit   .   (armour unavailable)
rPois    .         Reflect  .   b - +0 hat
rElec    .         Harm     .   (no cloak)
rCorr    .         Rampage  .   (no gloves)
Will     .....                  (no boots)
Stlth    ++........             (no amulet)
HPRegen  0.06/turn              (no ring)
MPRegen  0.10/turn              (no ring)

@: very slightly contaminated
A: AC +4, unfitting armour, cold-blooded
a: no special abilities


You were on level 1 of the Dungeon.
You visited 1 branch of the dungeon, and saw 1 of its levels.

Inventory:

Hand Weapons
 a - a +0 dagger (weapon)
Armour
 b - a +0 hat (worn)


   Skills:
 - Level 1.7 Dodging
 - Level 1.7 Stealth
 - Level 3.0 Spellcasting
 + Level 2.1 Conjurations
 - Level 1.0 Summonings
 - Level 1.0 Translocations


You had 6 spell levels left.
You knew the following spells:

 Your Spells              Type           Power      Damage    Failure   Level
a - Magic Dart            Conj           32%        1d4       9%          1

Your spell library contained the following spells:

 Spells                   Type           Power      Damage    Failure   Level
 Blink                    Tloc           N/A        N/A       22%         2
 Call Imp                 Summ           4%         N/A       22%         2
 Slow                     Hex            2%         N/A       32%         2
 Conjure Flame            Conj/Fire      5%         6-21      38%         3
 Mephitic Cloud           Conj/Pois/Air  4%         N/A       43%         3


Dungeon Overview and Level Annotations

Branches:
Dungeon (1/15)

Altars:


Innate Abilities, Weirdness & Mutations

Your plain brown scales are hard. (AC +4)
You cannot fit into any form of body armour.
You are cold-blooded and may be slowed by cold attacks.


Message History

The quokka completely misses you.
You closely miss the quokka.
The quokka is lightly wounded.
The kobold shouts!
The quokka bites you.
* * * LOW HITPOINT WARNING * * *
Aiming: Magic Dart (safe; 10% risk of failure)
Press: ? - help, Q - select action Shift-Dir - straight line, f - quokka
Aim: a quokka (lightly wounded, 100% to hit)
You miscast Magic Dart.
You are very lightly contaminated with residual magic.
Nothing appears to happen.
The quokka bites you but does no damage.
You completely miss the quokka. You tail-slap the quokka.
The quokka is severely wounded.
The quokka misses you.
You barely miss the quokka.
The quokka is severely wounded.
The quokka bites you.
* * * LOW HITPOINT WARNING * * *
You hit the quokka.
You kill the quokka!
The kobold throws a stone.
The stone hits you but does no damage.
You have reached level 2!
The kobold closely misses you.
Items here: ) †††.
You closely miss the kobold. The kobold hits you with a +0 dagger.
* * * LOW HITPOINT WARNING * * *
You closely miss the kobold. The kobold hits you with a +0 dagger.
* * * LOW HITPOINT WARNING * * *
Your magical contamination has completely faded away.
You hit the kobold but do no damage. The kobold barely misses you.
Aiming: Magic Dart (safe; 9% risk of failure)
Press: ? - help, Q - select action Shift-Dir - straight line, f - kobold
Aim: a kobold, wielding a +0 dagger and quivering stones (100% to hit)
You miscast Magic Dart.
You are very lightly contaminated with residual magic.
Nothing appears to happen.
The kobold hits you with a +0 dagger.
You die...

#...# ###'###
#####.....#####
#...#.....#...#
#.<.'..⌠..+.8.#
#...#.....#...# #.
#####.....##### .#
#.. ##+###'#.#
#.#...#
#......#@####.#..##
###.....K.........
.....####.####.#.##
##### #.###.....#
#..#†g...#
##.......#
#...#...#
##.###..##.#.#.
#.#.........g.


You could see a kobold.

Vanquished Creatures
  A giant cockroach (D:1)
  2 hobgoblins (D:1)
  A kobold (D:1)
  2 quokkas (D:1)
  A bat (D:1)
7 creatures vanquished.

Notes
Turn   | Place    | Note
-------+----------+-------------------------------------------
     0 | D:1      | pkoi the Draconian Hedge Wizard began the quest for the
                  | Orb.
     0 | D:1      | Reached XP level 1. HP: 14/14 MP: 4/4
   151 | D:1      | Reached XP level 2. HP: 7/20 MP: 0/6
   153 | D:1      | HP: 1/20 [kobold (3)]
   155 | D:1      | Slain by a kobold

Illustrated notes

Levels and vault maps discovered:
D:1:      minmay_arrival_stair_chambers, layout_rooms,
          shapermc_ecumenical_altar_hornbeckon, st_stairs_10

Skill      XL: |  1 |
---------------+----+-----
Conjurations   | 2 |  2.1
Dodging        | |  1.7
Stealth        | |  1.7
Spellcasting   | |  3.0
Summonings     | |  1.0
Translocations | |  1.0

Action                   || total
-------------------------++-------
Melee: Dagger            ||    28
       Tailslap          ||     5
 Cast: Magic Dart        ||    10
Armor: Skin              ||     4
Dodge: Dodged            ||    20
